 Dungeon Crawl Stone Soup version 0.22-a0-268-g1cc83ef (webtiles) character file.

30 Amnesiac the Skirmisher (level 3, 0/31 HPs)
             Began as a Formicid Fighter on Mar 9, 2018.
             Slain by Natasha (2 damage)
             ... on level 2 of the Dungeon.
             The game lasted 00:01:43 (684 turns).

Amnesiac the Skirmisher (Formicid Fighter)           Turns: 684, Time: 00:01:44

Health: 0/31       AC:  6    Str: 21    XL:     3   Next: 37%
Magic:  12/12      EV:  7    Int:  7    God:
Gold:   41         SH:  9    Dex: 10    Spells: 2/2 levels left

rFire    + . .     SeeInvis +   a - +0 quarterstaff
rCold    + . .     Gourm    .   c - +0 shield
rNeg     . . .     Faith    .   b - +0 scale mail
rPois    +         Spirit   .   (helmet unavailable)
rElec    +         Reflect  .   (no cloak)
rCorr    +         Harm     .   (no gloves)
MR       .....                  (no boots)
Stlth    ..........             (no amulet)
HPRegen  0.10/turn              l - ring of magical power
MPRegen  0.13/turn              (no ring)

@: resistant, very slightly contaminated, invisible
A: permanent stasis, dig shafts and tunnels, four strong arms, antennae 3
a: Dig, Shaft Self


You were on level 2 of the Dungeon.
You were not hungry.

You visited 1 branch of the dungeon, and saw 2 of its levels.

You collected 41 gold pieces.

Inventory:

Hand Weapons
 a - a +0 quarterstaff (weapon)
Missiles
 r - 23 bolts
Armour
 b - a +0 scale mail (worn)
 c - a +0 shield (worn)
Jewellery
 l - a ring of magical power (left hand)
Scrolls
 h - a scroll of fog {!r, unknown}
 i - a scroll of amnesia {!r, unknown}
 j - 2 scrolls of teleportation {!r, unknown}
 k - a scroll of immolation {!r, unknown}
 o - a scroll of remove curse {!r, unknown}
 q - 3 scrolls of noise {!r, unknown}
Potions
 d - a potion of might {!q}
 m - a potion of resistance {!q}
Comestibles
 f - 2 rations
 g - 4 chunks of flesh


   Skills:
 + Level 4.7 Fighting
 - Level 2.0 Staves
 - Level 3.2 Armour
 - Level 3.6 Shields


You had 2 spell levels left.
You didn't know any spells.

Dungeon Overview and Level Annotations

Branches:
Dungeon (2/15)

Altars:

Annotations:
D:2 Natasha


Innate Abilities, Weirdness & Mutations

You cannot be hasted, slowed, berserked, paralysed or teleported.
You can dig through walls and to a lower floor.
Your four strong arms can wield two-handed weapons with a shield.
You have a pair of large antennae on your head. (SInv)


Message History

Natasha claws you but does no damage. Natasha claws you.
* * * LOW HITPOINT WARNING * * *
The iron imp shouts, "Scamper home, thou euchred earth-vexing clam!"
You hit Natasha.
Natasha is lightly wounded.
You block Natasha's attack.
You hit Natasha.
Natasha is heavily wounded.
Natasha claws you.
* * * LOW HITPOINT WARNING * * *
You miss Natasha.
Natasha is heavily wounded.
You block Natasha's attack.
You miss Natasha.
Natasha is heavily wounded.
Natasha claws you!
* * * LOW HITPOINT WARNING * * *
Natasha mumbles some strange words.
You feel troubled. Natasha casts a spell at you. You resist with some effort.
Really quaff
m - 2 smoky amethyst potions {!q}?
It was a potion of resistance {!q}.
You feel protected.
The iron imp disappears in a puff of smoke!
You block Natasha's attack.
Really quaff
e - a viscous inky potion {!q}?
It was a potion of invisibility {!q}.
You fade into invisibility!
You block Natasha's attack.
You are very lightly contaminated with residual magic.
Really quaff
p - a fizzy orange potion {!q}?
It was a potion of curing {!q}.
You feel better. Natasha claws you but does no damage.
Your shield and scale mail prevent you from hitting Natasha.
Natasha is heavily wounded.
Natasha claws you.
* * * LOW HITPOINT WARNING * * *
You completely miss Natasha.
Natasha is heavily wounded.
Natasha claws you but does no damage.
Throwing (i - inventory)
n - a throwing net (quivered)
Press: ? - help, Shift-Dir - straight line, f - Natasha
Aim: Natasha (heavily wounded, unusually agile)
You throw a throwing net. The throwing net barely misses Natasha.
Natasha closely misses you.
You hit Natasha.
Natasha is severely wounded.
Natasha casts a spell at you. The magic dart hits you!
* * * LOW HITPOINT WARNING * * *
Natasha barely misses you.
Okay, then.
Okay, then.
You hit Natasha.
Natasha is almost dead.
You block Natasha's attack.
You barely miss Natasha.
Natasha is almost dead.
Natasha barely misses you.
You barely miss Natasha.
Natasha is almost dead.
Natasha claws you.
You die...

#. ##.### #
...(. #.#.#.##
# #.#....
#.###.#.#h# #
#.......@##.##
#....#......#
.##.....##..#
#.##..# .#
#.##..##..#
#..)......#
####..###.#
#.## #.#


You could see Natasha.

Vanquished Creatures
  4 dart slugs
  2 giant cockroaches (D:1)
  3 hobgoblins
  2 jackals (D:1)
  3 bats
  2 frilled lizards
  3 kobolds
  4 rats (D:1)
23 creatures vanquished.

Vanquished Creatures (others)
  7 toadstools (D:1)
7 creatures vanquished.

Grand Total: 30 creatures vanquished

Notes
Turn   | Place    | Note
-------+----------+-------------------------------------------
     0 | D:1      | Amnesiac the Formicid Fighter began the quest for the Orb.
     0 | D:1      | Reached XP level 1. HP: 18/18 MP: 1/1
   141 | D:1      | Reached XP level 2. HP: 25/25 MP: 2/2
   147 | D:1      | Reached skill level 4 in Fighting
   446 | D:1      | Reached XP level 3. HP: 28/31 MP: 3/3
   659 | D:2      | Noticed Natasha
   684 | D:2      | Slain by Natasha

Vault maps used:
D:1:      nagdon_arrival_double_spiral, minmay_tromino_v7
D:2:      minmay_fountain_box, trog_hazing_becter, uniq_sigmund, uniq_natasha

Skill      XL: |  1  2 |
---------------+-------+-----
Fighting       | 4 |  4.7
Staves         | |  2.0
Armour         | |  3.2
Shields        | |  3.6

Action                   || total
-------------------------++-------
Melee: Quarterstaff      ||   102
Throw: Throwing net      ||     1
  Use: Potion            ||     3
Armor: Scale mail        ||    44
Dodge: Dodged            ||    25
Block: Shield            ||    60

Table legend:
 A = Spawn XP
 B = Non-spawn XP
 C = Spawn XP percentage of total XP
 D = Spawn monster count
 E = Non-spawn monster count
 F = Spawn count percentage of total count
 G = Total turns spent on level
                    A         B        C        D         E        F      G
               +---------+---------+-------+---------+---------+-------+---------
         Total |       0 |      44 |   0.0 |       0 |      23 |   0.0 |   684
               +---------+---------+-------+---------+---------+-------+---------
           D:1 |       0 |      34 |   0.0 |       0 |      18 |   0.0 |   572
           D:2 |       0 |      10 |   0.0 |       0 |       5 |   0.0 |   112
               +---------+---------+-------+---------+---------+-------+---------
